[Event "Team 45 45 League T99"]
[Site "Internet Chess Club"]
[Date "2024.02.18"]
[Round "1"]
[White "chesskix"]
[Black "Kingofknights"]
[Result "0-1"]
[WhiteElo "1382"]
[BlackElo "1454"]
[Opening "English opening"]
[ECO "A16"]
[Time "19:00:23"]
[PlyCount "148"]
[TimeControl "2700+45"]

1. c4 Nf6 2. Nc3 c6 3. g3 d5 4. cxd5 Nxd5 5. Bg2 Bf5 6. e4 Nxc3 7. bxc3 Bg6 8.
Ne2 e5 9. O-O Qd3 10. Bb2 Bc5 11. Nc1 Qd6 12. d4 Bb6 13. Nb3 O-O 14. c4 Bc7 15.
dxe5 Qe6 16. f4 Qxc4 17. Re1 Bb6+ 18. Kh1 f5 19. exf6 gxf6 20. Rc1 Qb4 21. f5
Be8 22. Qg4+ Kf7 23. Qh5+ Kg7 24. Qh4 Nd7 25. Qg4+ Kh8 26. Qe2 Qe7 27. Nd4 Bxd4
28. Bxd4 c5 29. Be3 Rc8 30. Bh6 Rg8 31. Red1 Ne5 32. Bf4 b6 33. Bxe5 Qxe5 34.
Rd5 Qe7 35. Rcd1 Bc6 36. Rd6 Rgd8 37. Re6 Rxd1+ 38. Qxd1 Rd8 39. Qc2 Qd7 40. Bf3
Kg7 41. Qc3 Rf8 42. Kg2 Bb7 43. h4 Bc8 44. e5 Qc7 45. exf6+ Kg8 46. Re7 Qd6 47.
Rg7+ Kh8 48. f7 Qd4 49. Qxd4 cxd4 50. f6 Be6 51. Be4 Rxf7 52. Rxf7 Bxf7 53. Bd3
Bxa2 54. Kf3 Bd5+ 55. Kf4 a5 56. Ke5 Bf7 57. Kxd4 a4 58. Kc3 a3 59. Bb1 a2 60.
Bxa2 Bxa2 61. Kb4 h5 62. Kb5 Kg8 63. Kxb6 Kf7 64. Kc6 Kxf6 65. Kd6 Kf5 66. Ke7
Kg4 67. Kf6 Bc4 68. Kg6 Be2 69. Kh6 Kxg3 70. Kg5 Bg4 71. Kf6 Kxh4 72. Ke5 Kg3
73. Ke4 h4 74. Ke3 h3 {White resigns} 0-1

[Event "Team 45 45 League T99"]
[Site "Internet Chess Club"]
[Date "2024.02.17"]
[Round "1"]
[White "Constrictor"]
[Black "sdcohle"]
[Result "0-1"]
[WhiteElo "1377"]
[BlackElo "1366"]
[Opening "Queen's pawn game, Darooha variation "]
[ECO "D02"]
[Time "15:00:50"]
[PlyCount "62"]
[TimeControl "2700+45"]

1. Nf3 Nf6 2. d4 d5 3. g3 e6 4. c4 c6 5. Bg2 g6 6. O-O Bg7 7. Nc3 O-O 8. Qd3
Nbd7 9. Bg5 Qc7 10. Rac1 a6 11. Bf4 Qd8 12. Bd6 Re8 13. c5 Bf8 14. Bxf8 Kxf8 15.
b4 e5 16. dxe5 Nxe5 17. Nxe5 Rxe5 18. e4 Re7 19. exd5 cxd5 20. Rfe1 Be6 21. Rcd1
Rd7 22. Qd2 Qc7 23. Qg5 Kg7 24. Rd4 Rad8 25. Rf4 Ne4 26. Bxe4 dxe4 27. Qf6+ Kg8
28. Nxe4 Rd1 29. Rxd1 Rxd1+ 30. Kg2 Qd7 31. Qe5 Bh3+ {White resigns} 0-1

[Event "Team 45 45 League T99"]
[Site "Internet Chess Club"]
[Date "2024.02.18"]
[Round "1"]
[White "Visin"]
[Black "rjhoro"]
[Result "1/2-1/2"]
[WhiteElo "1176"]
[BlackElo "1238"]
[Opening "Caro-Kann: Hillbilly attack"]
[ECO "B10"]
[Time "16:01:52"]
[PlyCount "89"]
[TimeControl "2700+45"]

1. e4 c6 2. Bc4 d5 3. exd5 cxd5 4. Bb3 Nf6 5. d4 e6 6. Nf3 Bd6 7. Be3 O-O 8. c3
Nc6 9. Nbd2 Qc7 10. h3 Re8 11. O-O e5 12. c4 dxc4 13. Nxc4 e4 14. Ng5 Be6 15.
Nxd6 Bxb3 16. Qxb3 Qxd6 17. Nxf7 Qe6 18. Qxe6 Rxe6 19. Ng5 Rd6 20. h4 Ng4 21.
Nxe4 Nxe3 22. fxe3 Re6 23. Rf4 Rae8 24. Nc5 Rxe3 25. d5 Nd8 26. Raf1 Re1 27. d6
Rxf1+ 28. Rxf1 Re5 29. b4 Rd5 30. Nd7 Nf7 31. Nc5 Rxd6 32. Nxb7 Rb6 33. Re1 h5
34. Na5 Rxb4 35. Nb3 Rxh4 36. Re8+ Kh7 37. Re7 Nh6 38. Rxa7 Rb4 39. Nd2 Ng4 40.
a3 Rd4 41. Kf1 Rxd2 42. a4 Ne5 43. a5 Nc6 44. Ra8 Nxa5 45. Rxa5 {Game drawn by
mutual agreement} 1/2-1/2

[Event "Team 45 45 League T99"]
[Site "Internet Chess Club"]
[Date "2024.02.19"]
[Round "1"]
[White "Toalla"]
[Black "tamky70"]
[Result "0-1"]
[WhiteElo "1111"]
[BlackElo "1326"]
[Opening "King's pawn opening"]
[ECO "B07"]
[Time "19:01:32"]
[PlyCount "54"]
[TimeControl "2700+45"]

1. e4 d6 2. d4 Nd7 3. Nc3 e5 4. Nf3 Be7 5. dxe5 dxe5 6. Bc4 Nb6 7. Qxd8+ Bxd8 8.
Nxe5 Nxc4 9. Nxc4 Be6 10. Ne5 Bf6 11. Bf4 Ne7 12. O-O-O c6 13. Rd2 Ng6 14. Nxg6
hxg6 15. Bd6 Be7 16. e5 Bg5 17. Rd1 Bxd2+ 18. Rxd2 Rxh2 19. f3 Rh1+ 20. Rd1
Rxd1+ 21. Kxd1 O-O-O 22. b3 Kd7 23. f4 Rh8 24. Ke1 Rh1+ 25. Kf2 Rc1 26. a4 Rxc2+
27. Ne2 Bxb3 {White resigns} 0-1

[Event "Team 45 45 League T99"]
[Site "Internet Chess Club"]
[Date "2024.02.20"]
[Round "1"]
[White "dalmata"]
[Black "Electryon"]
[Result "1-0"]
[WhiteElo "1538"]
[BlackElo "1542"]
[Opening "QGD: 4.Bg5 Nbd7"]
[ECO "D51"]
[Time "14:02:34"]
[PlyCount "109"]
[TimeControl "2700+45"]

1. d4 d5 2. c4 e6 3. Nc3 Nf6 4. Bg5 Nbd7 5. cxd5 exd5 6. Nxd5 Nxd5 7. Bxd8 Bb4+
8. Qd2 Bxd2+ 9. Kxd2 Kxd8 10. e4 N5b6 11. Bd3 Nf6 12. Ne2 Bg4 13. f3 Bh5 14. g4
Bg6 15. h4 h6 16. h5 Bh7 17. b3 Ke7 18. Rac1 Rac8 19. Rhg1 g5 20. hxg6 Bxg6 21.
Nf4 Nfd7 22. Ke3 c6 23. Rc2 h5 24. gxh5 Bxh5 25. Rh2 Bg6 26. Rxh8 Rxh8 27. Nxg6+
fxg6 28. Rxg6 Rh2 29. a4 Rh7 30. a5 Nc8 31. a6 Nb8 32. axb7 Nd6 33. d5 Nxb7 34.
dxc6 Nd6 35. e5 Nc8 36. c7 Nd7 37. f4 Rh3+ 38. Kd4 Ndb6 39. Rg7+ Kf8 40. Rg6 Rh4
41. Ke4 Kf7 42. Rc6 Ne7 43. Rf6+ Kg7 44. Bc4 Nxc4 45. bxc4 Rh1 46. Re6 Kf7 47.
Rxe7+ Kxe7 48. c8=Q Re1+ 49. Kf5 Ra1 50. Qe6+ Kd8 51. Kf6 a5 52. Qd6+ Kc8 53.
Qc6+ Kb8 54. e6 a4 55. e7 {Black resigns} 1-0

[Event "Team 45 45 League T99"]
[Site "Internet Chess Club"]
[Date "2024.02.19"]
[Round "1"]
[White "BrerRabbit"]
[Black "Manch"]
[Result "0-1"]
[WhiteElo "1272"]
[BlackElo "1366"]
[Opening "Queen's pawn game"]
[ECO "D02"]
[Time "15:01:08"]
[PlyCount "118"]
[TimeControl "2700+45"]

1. d4 d5 2. Nf3 c6 3. g3 Bf5 4. Bg2 h6 5. c4 e6 6. Nc3 Nf6 7. Qb3 Qc8 8. h4 Be7
9. Bf4 Nbd7 10. cxd5 exd5 11. O-O Nh5 12. Bd2 O-O 13. Rac1 Nhf6 14. Bf4 Nb6 15.
Ne5 Nh5 16. Bd2 Bd6 17. Nf3 Bh3 18. Kh2 Bxg2 19. Kxg2 Qg4 20. Ne5 Qxd4 21. Nf3
Qg4 22. Nh2 Qg6 23. Qc2 Qxc2 24. Rxc2 Nf6 25. b3 Rae8 26. e3 Nbd7 27. Re1 Nc5
28. Rf1 Nce4 29. Nxe4 Nxe4 30. Bc1 f5 31. Bb2 Be5 32. Bxe5 Rxe5 33. Nf3 Re7 34.
Nd4 Nd6 35. Kf3 Rf6 36. Kf4 Re4+ 37. Kf3 Nf7 38. Kg2 Ne5 39. Rd1 Ng4 40. Rc5
Rxe3 41. fxe3 Nxe3+ 42. Kf3 Nxd1 43. Kf4 Nf2 44. Rc3 Ne4 45. Rc2 Nd6 46. Re2 Kf7
47. Ke5 Ne4 48. Re3 g5 49. hxg5 hxg5 50. Nxf5 Re6+ 51. Kd4 Kf6 52. g4 Nf2 53.
Rg3 Re4+ 54. Kc5 Rxg4 55. Rf3 Ne4+ 56. Kd4 Nd2+ 57. Ke3 Nxf3 58. Kxf3 Rf4+ 59.
Ke3 Kxf5 {White resigns} 0-1

[Event "Team 45 45 League T99"]
[Site "Internet Chess Club"]
[Date "2024.02.17"]
[Round "1"]
[White "stantheman59"]
[Black "ticktockman"]
[Result "0-1"]
[WhiteElo "1125"]
[BlackElo "1052"]
[Opening "Queen's pawn: English defense"]
[ECO "A40"]
[Time "10:00:15"]
[PlyCount "130"]
[TimeControl "2700+45"]

1. d4 b6 2. e4 Bb7 3. Nc3 d5 4. e5 e6 5. Nf3 Nc6 6. Bb5 Ne7 7. Bg5 h6 8. Bd2 Qd7
9. Qe2 g5 10. h3 Bg7 11. a3 O-O-O 12. Ba6 Kb8 13. Bxb7 Kxb7 14. Na4 Nxd4 15.
Nxd4 Qxa4 16. Qe3 Qe8 17. O-O Nc6 18. Nf3 f5 19. g3 Rh7 20. b4 Qh8 21. b5 Nxe5
22. Nxe5 Bxe5 23. Rab1 Re7 24. Rfe1 Bd6 25. Bb4 Bxb4 26. Rxb4 e5 27. Qc3 e4 28.
Rd4 Red7 29. Red1 Qg8 30. Qc6+ Kb8 31. Qxh6 Rd6 32. Qh5 Kb7 33. Qe2 c5 34. bxc6+
Rxc6 35. Qd2 Rc5 36. Kg2 Rd6 37. c4 Kc6 38. cxd5+ Rcxd5 39. Rxd5 Rxd5 40. Qc3+
Kb7 41. Qc4 Rd8 42. Qxg8 Rxg8 43. Rd7+ Ka6 44. Rf7 f4 45. Kh2 fxg3+ 46. Kxg3 Re8
47. a4 e3 48. fxe3 Rxe3+ 49. Kg2 Re5 50. Kf3 Rc5 51. Kg4 b5 52. axb5+ Rxb5 53.
Rf5 Rxf5 54. Kxf5 Kb5 55. Kxg5 a5 56. h4 a4 57. h5 a3 58. h6 a2 59. h7 a1=Q 60.
Kg6 Qh8 61. Kh6 Kc6 62. Kg6 Kd6 63. Kh6 Ke6 64. Kg6 Qf6+ 65. Kh5 Kf7 {White
resigns} 0-1